Workbook
Name DATA1: #REF!
Name DATA1: #REF!
Name DATA10: #REF!
Name DATA10: #REF!
Name DATA100: #REF!
Name DATA100: #REF!
Name DATA101: #REF!
Name DATA101: #REF!
Name DATA102: #REF!
Name DATA102: #REF!
Name DATA103: #REF!
Name DATA103: #REF!
Name DATA104: #REF!
Name DATA104: #REF!
Name DATA105: #REF!
Name DATA105: #REF!
Name DATA106: #REF!
Name DATA106: #REF!
Name DATA107: #REF!
Name DATA107: #REF!
Name DATA11: #REF!
Name DATA11: #REF!
Name DATA12: #REF!
Name DATA12: #REF!
Name DATA13: #REF!
Name DATA13: #REF!
Name DATA14: #REF!
Name DATA14: #REF!
Name DATA15: #REF!
Name DATA15: #REF!
Name DATA16: #REF!
Name DATA16: #REF!
Name DATA17: #REF!
Name DATA17: #REF!
Name DATA18: #REF!
Name DATA18: #REF!
Name DATA19: #REF!
Name DATA19: #REF!
Name DATA2: #REF!
Name DATA2: #REF!
Name DATA20: #REF!
Name DATA20: #REF!
Name DATA21: #REF!
Name DATA21: #REF!
Name DATA22: #REF!
Name DATA22: #REF!
Name DATA23: #REF!
Name DATA23: #REF!
Name DATA24: #REF!
Name DATA24: #REF!
Name DATA25: #REF!
Name DATA25: #REF!
Name DATA26: #REF!
Name DATA26: #REF!
Name DATA27: #REF!
Name DATA27: #REF!
Name DATA28: #REF!
Name DATA28: #REF!
Name DATA29: #REF!
Name DATA29: #REF!

Sheet Instruction
A1: Instruction
B2: วัตถุประสงค์ (Objectives)
B3: 1. เพื่อกำหนดแนวทางในการขอสร้างหรือแก้ไขข้อมูลบัญชีแยกประเภท (GL Account) ให้เป็นมาตรฐานเดียวกัน
B4: 2. เพื่อให้ข้อมูลบัญชีแยกประเภทบนระบบ Microsoft Dynamics 365 BC มีความถูกต้องและครบถ้วน
B5: 3. เพื่อป้องกันการสร้างบัญชีซ้ำซ้อน และลดข้อผิดพลาดในการกำหนดข้อมูลบัญชี
B6: 4. เพื่อให้การกำหนดรหัสและชื่อบัญชีสอดคล้องกับโครงสร้างผังบัญชีของบริษัท
B7: 5. เพื่อให้การกำหนดประเภทและการตั้งค่าบัญชีเหมาะสมกับลักษณะรายการที่ต้องการบันทึก
B8: 6. เพื่อรองรับการบันทึกบัญชี การจัดทำงบการเงิน และรายงานที่เกี่ยวข้องได้อย่างถูกต้อง
B9: 7. เพื่อกำหนดหน้าที่และความรับผิดชอบของผู้ขอ ผู้อนุมัติ และผู้ดำเนินการให้ชัดเจน
B10: 8. เพื่อให้การขอสร้างหรือแก้ไขข้อมูลบัญชีได้รับการอนุมัติจากผู้มีอำนาจ และสามารถตรวจสอบย้อนหลังได้
B13: คำแนะนำในการกรอกและส่งแบบฟอร์ม (Instructions)
B14: สำหรับผู้ใช้งาน
B16: 1. ระบุเหตุผลในการขอสร้าง หรือแก้ไขข้อมูลบัญชีธนาคาร
... B22: 7. ส่งแบบฟอร์มที่ได้รับอนุมัติแล้ว พร้อมเอกสารประกอบ (หากมี) ส่งเข้า Email: ms365_sys@btsgroup.co.th เพื่อทำการเปิด Ticket

Sheet Bank Master Request Form
A1: Bank Master Request Form (for MS 365BC) | Z1: No.
B3: Requester Name* | S3: Request Date* | Y3: . | AB3: .
B4: Department* | S4: Position*
B5: Email* | S5: Contact No.
B8: Request for* | P8: =_xlfn.XLOOKUP(J8,Request!A:A,Request!B:B) -> 0
B9: Reason for request*
A13: House Bank Account <Financial Accountant>
B15: Company Code*
B17: Bank Name*
B19: Bank Type* | M19: =_xlfn.XLOOKUP(J19,'Bank Type'!A:A,'Bank Type'!B:B) -> 0
B21: Bank Account No.*
J22: *ตัวอย่างการกรอกเลขบัญชีธนาคาร: 123-4-56789-0
B24: Bank Branch No.*
J25: *ข้อมูลสาขาธนาคาร อ้างอิงจากธนาคารแห่งประเทศไทย ณ วันที่ 9 ตุลาคม 2569
B27: SWIFT Code | J27: =_xlfn.XLOOKUP(J17,'Swift Code&Bank Name'!E:E,'Swift Code&Bank Name'!A:A) -> 0 | P27: *For BA entry
B29: Print Cheque* | L29: Yes | Q29: No | S29: *หากต้องการพิมพ์เช็ค โปรดทำเครื่องหมายที่ช่อง Yes หากไม่ต้องการ ให้เว้นว่าง
B31: Bank Account Name*
B32: *ตัวอย่างการกรอกชื่อบัญชีธนาคารที่ต้องการใช้ในระบบ: CA-BBL-Sun Tower XXX-X-XXXXX-X, SA-BBL-XXX-X-XXXXX-X Operation
B34: G/L Account | T34: *For BA entry
B36: GL Description | T36: *For BA entry
B39: Requested by | M39: Approved by | X39: Entered by
B43: ( | J43: ) | M43: ( | U43: ) | X43: ( | AF43: )
A46: Date | E46: . | H46: . | L46: Date | P46: . | S46: . | W46: Date | AA46: . | AD46: .

Sheet Example_Bank Master RequestForm
A1: Bank Master Request Form (for MS 365BC) | Z1: No.
B3: Requester Name* | J3: Wansinee Suphunarat | S3: Request Date* | W3: 1 | X3: 9 | Y3: . | Z3: 1 | AA3: 0 | AB3: . | AC3: 2 | AD3: 6
B4: Department* | J4: Finance | S4: Position* | W4: Business Analyst
B5: Email* | J5: wansinee.s@btsgroup.co.th | S5: Contact No.
B8: Request for* | J8: Create | P8: =_xlfn.XLOOKUP(J8,Request!A:A,Request!B:B) -> สร้าง
B9: Reason for request* | J9: Ex.เพื่อใช้ในการจ่ายเงินให้กับ Supplier
A13: House Bank Account <Financial Accountant>
B15: Company Code* | J15: S040 : SCS บริษัท สมาร์ท คลีนนิ่ง โซลูชัน จำกัด
B17: Bank Name* | J17: ธนาคารกรุงเทพ จำกัด (มหาชน) - BANGKOK BANK PUBLIC COMPANY LTD.
B19: Bank Type* | J19: SA | M19: =_xlfn.XLOOKUP(J19,'Bank Type'!A:A,'Bank Type'!B:B) -> บัญชีออมทรัพย์ (Savings Account)
B21: Bank Account No.* | J21: 1 | K21: 2 | L21: 3 | M21: - | N21: 4 | O21: - | P21: 5 | Q21: 6 | R21: 7 | S21: 8 | T21: 9 | U21: - | V21: 0
J22: *ตัวอย่างการกรอกเลขบัญชีธนาคาร: 123-4-56789-0
B24: Bank Branch No.* | J24: 0001 สำนักสาขาพลับพลาไชย PHLAPPHLA CHAI BRANCH OFFICE
J25: *ข้อมูลสาขาธนาคาร อ้างอิงจากธนาคารแห่งประเทศไทย ณ วันที่ 9 ตุลาคม 2569
B27: SWIFT Code | J27: =_xlfn.XLOOKUP(J17,'Swift Code&Bank Name'!E:E,'Swift Code&Bank Name'!A:A) -> BKKBTHBK | P27: *For BA entry
B29: Print Cheque* | L29: Yes | Q29: No | S29: *หากต้องการพิมพ์เช็ค โปรดทำเครื่องหมายที่ช่อง Yes หากไม่ต้องการ ให้เว้นว่าง
B31: Bank Account Name* | J31: SA - BBL 123-4-56789-0 Operating
B32: *ตัวอย่างการกรอกชื่อบัญชีธนาคารที่ต้องการใช้ในระบบ: CA-BBL-Sun Tower XXX-X-XXXXX-X, SA-BBL-XXX-X-XXXXX-X Operation
B34: G/L Account | J34: 1320304010 | T34: *For BA entry
B36: GL Description | J36: CA - BBL - 123-4-56789-0 | T36: *For BA entry
B39: Requested by | M39: Approved by | X39: Entered by
B41: Wansinee Suphunarat | M41: Rattaneeporn Chaichompu
B43: ( | J43: ) | M43: ( | U43: ) | X43: ( | AF43: )
A46: Date | C46: 1 | D46: 9 | E46: . | F46: 1 | G46: 0 | H46: . | I46: 2 | J46: 6 | L46: Date | N46: 1 | O46: 9 | P46: . | Q46: 1 | R46: 0 | S46: . | T46: 2 | U46: 6 | W46: Date | AA46: . | AD46: .

Sheet Request
A1: Request
A3: Create | B3: สร้าง
A4: Change | B4: แก้ไข
A5: Block | B5: ระงับการใช้งาน
A6: Delete | B6: ลบ

Sheet Company Code
A1: Company Code | C1: Description | D1: Company Code + Description
A3: F010 | B3: FSF | C3: มูลนิธิฟ้าสั่ง | D3: =A3&" "&":"&" "&B3&" "&C3 -> F010 : FSF มูลนิธิฟ้าสั่ง
A4: F020 | B4: FSH | C4: บริษัท ศูนย์ไตเทียมฟ้าสั่ง จำกัด | D4: =A4&" "&":"&" "&B4&" "&C4 -> F020 : FSH บริษัท ศูนย์ไตเทียมฟ้าสั่ง จำกัด
A5: O010 | B5: KIN | C5: บริษัท คินส์ เวนเจอร์ส จำกัด | D5: =A5&" "&":"&" "&B5&" "&C5 -> O010 : KIN บริษัท คินส์ เวนเจอร์ส จำกัด
A6: O020 | B6: Gaik | C6: บริษัท เก๊ก จำกัด | D6: =A6&" "&":"&" "&B6&" "&C6 -> O020 : Gaik บริษัท เก๊ก จำกัด
A7: O030 | B7: KFV | C7: บริษัท คิง ฟอร์จูน เวนเจอร์ จำกัด | D7: =A7&" "&":"&" "&B7&" "&C7 -> O030 : KFV บริษัท คิง ฟอร์จูน เวนเจอร์ จำกัด
A8: O040 | B8: PCSC | C8: บริษัท เพียว ซิตี้ โซลูชั่นส์ จำกัด | D8: =A8&" "&":"&" "&B8&" "&C8 -> O040 : PCSC บริษัท เพียว ซิตี้ โซลูชั่นส์ จำกัด
A9: O050 | B9: CB | C9: บริษัท เดอะ แชมเบอร์เลน จำกัด | D9: =A9&" "&":"&" "&B9&" "&C9 -> O050 : CB บริษัท เดอะ แชมเบอร์เลน จำกัด
A10: O060 | B10: ECS | C10: บริษัท อีโค-ไซเคิล โซลูชั่นส์ จำกัด | D10: =A10&" "&":"&" "&B10&" "&C10 -> O060 : ECS บริษัท อีโค-ไซเคิล โซลูชั่นส์ จำกัด
A11: O070 | B11: EV | C11: บริษัท อีเวนโต้ มอนโด้ จำกัด | D11: =A11&" "&":"&" "&B11&" "&C11 -> O070 : EV บริษัท อีเวนโต้ มอนโด้ จำกัด
A12: O080 | B12: MM | C12: บริษัท โมเมนโต้ จำกัด | D12: =A12&" "&":"&" "&B12&" "&C12 -> O080 : MM บริษัท โมเมนโต้ จำกัด
A13: P010 | B13: UTAL1 | C13: บริษัท ยูทีเอ แลนด์ 1 จำกัด | D13: =A13&" "&":"&" "&B13&" "&C13 -> P010 : UTAL1 บริษัท ยูทีเอ แลนด์ 1 จำกัด
A14: P020 | B14: UTAL2 | C14: บริษัท ยูทีเอ แลนด์ 2 จำกัด | D14: =A14&" "&":"&" "&B14&" "&C14 -> P020 : UTAL2 บริษัท ยูทีเอ แลนด์ 2 จำกัด
... A30: S050 | B30: F5 | C30: บริษัท ฟอร์เมชั่น ไฟฟ์ จำกัด | D30: =A30&" "&":"&" "&B30&" "&C30 -> S050 : F5 บริษัท ฟอร์เมชั่น ไฟฟ์ จำกัด

Sheet Bank Type
A1: Bank Type
A3: CA | B3: บัญชีกระแสรายวัน (Current Account)
A4: SA | B4: บัญชีออมทรัพย์ (Savings Account)

Sheet Swift Code&Bank Name
A1: Swift Code | B1: Name Thai | C1: Name Eng | D1: Swift Code + Name Thai | E1: Name Thai+Name Eng
A3: BOTHTHBK | B3: ธนาคารแห่งประเทศไทย | C3: BANK OF THAILAND | D3: =CONCATENATE(A:A," ",B:B) -> BOTHTHBK ธนาคารแห่งประเทศไทย | E3: =CONCATENATE(B:B," - ",C:C) -> ธนาคารแห่งประเทศไทย - BANK OF THAILAND
A4: BKKBTHBK | B4: ธนาคารกรุงเทพ จำกัด (มหาชน) | C4: BANGKOK BANK PUBLIC COMPANY LTD. | D4: =CONCATENATE(A:A," ",B:B) -> BKKBTHBK ธนาคารกรุงเทพ จำกัด (มหาชน) | E4: =CONCATENATE(B:B," - ",C:C) -> ธนาคารกรุงเทพ จำกัด (มหาชน) - BANGKOK BANK PUBLIC COMPANY LTD.
A5: KASITHBK | B5: ธนาคารกสิกรไทย จำกัด (มหาชน) | C5: KASIKORNBANK PUBLIC COMPANY LIMITED | D5: =CONCATENATE(A:A," ",B:B) -> KASITHBK ธนาคารกสิกรไทย จำกัด (มหาชน) | E5: =CONCATENATE(B:B," - ",C:C) -> ธนาคารกสิกรไทย จำกัด (มหาชน) - KASIKORNBANK PUBLIC COMPANY LIMITED
A6: KRTHTHBK | B6: ธนาคารกรุงไทย จำกัด (มหาชน) | C6: KRUNGTHAI BANK PUBLIC COMPANY LIMITED | D6: =CONCATENATE(A:A," ",B:B) -> KRTHTHBK ธนาคารกรุงไทย จำกัด (มหาชน) | E6: =CONCATENATE(B:B," - ",C:C) -> ธนาคารกรุงไทย จำกัด (มหาชน) - KRUNGTHAI BANK PUBLIC COMPANY LIMITED
A7: CHASTHBX | B7: ธนาคาร เจพีมอร์แกน เชส | C7: JPMORGAN CHASE BANK, N.A. | D7: =CONCATENATE(A:A," ",B:B) -> CHASTHBX ธนาคาร เจพีมอร์แกน เชส | E7: =CONCATENATE(B:B," - ",C:C) -> ธนาคาร เจพีมอร์แกน เชส - JPMORGAN CHASE BANK, N.A.
A8: OCBCTHBK | B8: โอเวอร์ซี-ไชนีสแบงกิ้งคอร์ปอเรชั่น จำกัด | C8: OVERSEA-CHINESE BANKING CORPORATION | D8: =CONCATENATE(A:A," ",B:B) -> OCBCTHBK โอเวอร์ซี-ไชนีสแบงกิ้งคอร์ปอเรชั่น จำกัด | E8: =CONCATENATE(B:B," - ",C:C) -> โอเวอร์ซี-ไชนีสแบงกิ้งคอร์ปอเรชั่น จำกัด - OVERSEA-CHINESE BANKING CORPORATION
A9: TMBKTHBK | B9: ธนาคารทหารไทยธนชาต จำกัด (มหาชน) | C9: TMBTHANACHART BANK PUBLIC COMPANY LIMITED | D9: =CONCATENATE(A:A," ",B:B) -> TMBKTHBK ธนาคารทหารไทยธนชาต จำกัด (มหาชน) | E9: =CONCATENATE(B:B," - ",C:C) -> ธนาคารทหารไทยธนชาต จำกัด (มหาชน) - TMBTHANACHART BANK PUBLIC COMPANY LIMITED
A10: SICOTHBK | B10: ธนาคารไทยพาณิชย์ จำกัด (มหาชน) | C10: SIAM COMMERCIAL BANK PUBLIC COMPANY LTD. | D10: =CONCATENATE(A:A," ",B:B) -> SICOTHBK ธนาคารไทยพาณิชย์ จำกัด (มหาชน) | E10: =CONCATENATE(B:B," - ",C:C) -> ธนาคารไทยพาณิชย์ จำกัด (มหาชน) - SIAM COMMERCIAL BANK PUBLIC COMPANY LTD.
A11: CITITHBX | B11: ซิตี้แบงก์ เอ็น.เอ. | C11: CITIBANK NA BANGKOK | D11: =CONCATENATE(A:A," ",B:B) -> CITITHBX ซิตี้แบงก์ เอ็น.เอ. | E11: =CONCATENATE(B:B," - ",C:C) -> ซิตี้แบงก์ เอ็น.เอ. - CITIBANK NA BANGKOK
A12: SMBCTHBK | B12: ธ. ซูมิโตโม มิตซุย แบงกิ้ง คอร์ปอเรชั่น | C12: SUMITOMO MITSUI BANKING CORPORATION | D12: =CONCATENATE(A:A," ",B:B) -> SMBCTHBK ธ. ซูมิโตโม มิตซุย แบงกิ้ง คอร์ปอเรชั่น | E12: =CONCATENATE(B:B," - ",C:C) -> ธ. ซูมิโตโม มิตซุย แบงกิ้ง คอร์ปอเรชั่น - SUMITOMO MITSUI BANKING CORPORATION
A13: SCBLTHBX | B13: ธนาคารสแตนดาร์ดชาร์เตอร์ด (ไทย) จำกัด (มหาชน) | C13: STANDARD CHARTERED BANK (THAI) PUBLIC COMPANY LIMITED | D13: =CONCATENATE(A:A," ",B:B) -> SCBLTHBX ธนาคารสแตนดาร์ดชาร์เตอร์ด (ไทย) จำกัด (มหาชน) | E13: =CONCATENATE(B:B," - ",C:C) -> ธนาคารสแตนดาร์ดชาร์เตอร์ด (ไทย) จำกัด (มหาชน) - STANDARD CHARTERED BANK (THAI) PUBLIC COMPANY LIMITED
A14: UBOBTHBK | B14: ธนาคารซีไอเอ็มบี ไทย จำกัด (มหาชน) | C14: CIMB THAI BANK Public Company Limited | D14: =CONCATENATE(A:A," ",B:B) -> UBOBTHBK ธนาคารซีไอเอ็มบี ไทย จำกัด (มหาชน) | E14: =CONCATENATE(B:B," - ",C:C) -> ธนาคารซีไอเอ็มบี ไทย จำกัด (มหาชน) - CIMB THAI BANK Public Company Limited
... A46: TCHCTHB1 | B46: สำนักหักบัญชี (ประเทศไทย) จำกัด | C46: THAILAND CLEARING HOUSE CO., LTD. | D46: =CONCATENATE(A:A," ",B:B) -> TCHCTHB1 สำนักหักบัญชี (ประเทศไทย) จำกัด | E46: =CONCATENATE(B:B," - ",C:C) -> สำนักหักบัญชี (ประเทศไทย) จำกัด - THAILAND CLEARING HOUSE CO., LTD.

Sheet Branch No.
A1: Bank Code | B1: Bank Name | C1: Bank Name_Eng | D1: Branch No. | E1: Branch Name_Thai | F1: Branch Name_Eng | H1: OPEN_DATE
A3: 002 | B3: =_xlfn.XLOOKUP(A:A,[1]FI_NAME!$A:$A,[1]FI_NAME!$B:$B) -> ธนาคารกรุงเทพ จำกัด (มหาชน) | C3: =_xlfn.XLOOKUP(B:B,'Swift Code&Bank Name'!B:B,'Swift Code&Bank Name'!C:C) -> BANGKOK BANK PUBLIC COMPANY LTD. | D3: 0001 | E3: สำนักสาขาพลับพลาไชย | F3: PHLAPPHLA CHAI BRANCH OFFICE | G3: =CONCATENATE(D3," ",E3," ",F3) -> 0001 สำนักสาขาพลับพลาไชย PHLAPPHLA CHAI BRANCH OFFICE | H3: 24980227
A4: 002 | B4: =_xlfn.XLOOKUP(A:A,[1]FI_NAME!$A:$A,[1]FI_NAME!$B:$B) -> ธนาคารกรุงเทพ จำกัด (มหาชน) | C4: =_xlfn.XLOOKUP(B:B,'Swift Code&Bank Name'!B:B,'Swift Code&Bank Name'!C:C) -> BANGKOK BANK PUBLIC COMPANY LTD. | D4: 0013 | E4: สาขาศูนย์การค้าอยุธยาพาร์ค | F4: AYUTTHAYA PARK PLAZA BRANCH | G4: =CONCATENATE(D4," ",E4," ",F4) -> 0013 สาขาศูนย์การค้าอยุธยาพาร์ค AYUTTHAYA PARK PLAZA BRANCH | H4: 25471224
A5: 002 | B5: =_xlfn.XLOOKUP(A:A,[1]FI_NAME!$A:$A,[1]FI_NAME!$B:$B) -> ธนาคารกรุงเทพ จำกัด (มหาชน) | C5: =_xlfn.XLOOKUP(B:B,'Swift Code&Bank Name'!B:B,'Swift Code&Bank Name'!C:C) -> BANGKOK BANK PUBLIC COMPANY LTD. | D5: 0014 | E5: สาขาอาคารมาลีนนท์ | F5: MALEENONT TOWER BRANCH | G5: =CONCATENATE(D5," ",E5," ",F5) -> 0014 สาขาอาคารมาลีนนท์ MALEENONT TOWER BRANCH | H5: 25471008
A6: 002 | B6: =_xlfn.XLOOKUP(A:A,[1]FI_NAME!$A:$A,[1]FI_NAME!$B:$B) -> ธนาคารกรุงเทพ จำกัด (มหาชน) | C6: =_xlfn.XLOOKUP(B:B,'Swift Code&Bank Name'!B:B,'Swift Code&Bank Name'!C:C) -> BANGKOK BANK PUBLIC COMPANY LTD. | D6: 0015 | E6: สาขาสวนอุตสาหกรรมโรจนะ | F6: ROTCHANA INDUSTRIAL PARK AYUTTHAYA BRANCH | G6: =CONCATENATE(D6," ",E6," ",F6) -> 0015 สาขาสวนอุตสาหกรรมโรจนะ ROTCHANA INDUSTRIAL PARK AYUTTHAYA BRANCH | H6: 25471224
A7: 002 | B7: =_xlfn.XLOOKUP(A:A,[1]FI_NAME!$A:$A,[1]FI_NAME!$B:$B) -> ธนาคารกรุงเทพ จำกัด (มหาชน) | C7: =_xlfn.XLOOKUP(B:B,'Swift Code&Bank Name'!B:B,'Swift Code&Bank Name'!C:C) -> BANGKOK BANK PUBLIC COMPANY LTD. | D7: 0021 | E7: สาขาบิ๊กซี สะพานควาย | F7: BIG C SAPHANKHWAI BRANCH | G7: =CONCATENATE(D7," ",E7," ",F7) -> 0021 สาขาบิ๊กซี สะพานควาย BIG C SAPHANKHWAI BRANCH | H7: 25461126
A8: 002 | B8: =_xlfn.XLOOKUP(A:A,[1]FI_NAME!$A:$A,[1]FI_NAME!$B:$B) -> ธนาคารกรุงเทพ จำกัด (มหาชน) | C8: =_xlfn.XLOOKUP(B:B,'Swift Code&Bank Name'!B:B,'Swift Code&Bank Name'!C:C) -> BANGKOK BANK PUBLIC COMPANY LTD. | D8: 0022 | E8: สาขาโลตัส บางใหญ่ | F8: LOTUS'S BANGYAI BRANCH | G8: =CONCATENATE(D8," ",E8," ",F8) -> 0022 สาขาโลตัส บางใหญ่ LOTUS'S BANGYAI BRANCH | H8: 25461007
A9: 002 | B9: =_xlfn.XLOOKUP(A:A,[1]FI_NAME!$A:$A,[1]FI_NAME!$B:$B) -> ธนาคารกรุงเทพ จำกัด (มหาชน) | C9: =_xlfn.XLOOKUP(B:B,'Swift Code&Bank Name'!B:B,'Swift Code&Bank Name'!C:C) -> BANGKOK BANK PUBLIC COMPANY LTD. | D9: 0033 | E9: สาขาเซ็นทรัล พระราม 2 | F9: CENTRAL RAMA 2 BRANCH | G9: =CONCATENATE(D9," ",E9," ",F9) -> 0033 สาขาเซ็นทรัล พระราม 2 CENTRAL RAMA 2 BRANCH | H9: 25460124
A10: 002 | B10: =_xlfn.XLOOKUP(A:A,[1]FI_NAME!$A:$A,[1]FI_NAME!$B:$B) -> ธนาคารกรุงเทพ จำกัด (มหาชน) | C10: =_xlfn.XLOOKUP(B:B,'Swift Code&Bank Name'!B:B,'Swift Code&Bank Name'!C:C) -> BANGKOK BANK PUBLIC COMPANY LTD. | D10: 0042 | E10: สาขาอาคารกรุงเทพประกันภัย / ไว.ดับยู.ซี.เอ. | F10: BANGKOK INSURANCE BUILDING /Y.W.C.A. BUILDING BRANCH | G10: =CONCATENATE(D10," ",E10," ",F10) -> 0042 สาขาอาคารกรุงเทพประกันภัย / ไว.ดับยู.ซี.เอ. BANGKOK INSURANCE BUILDING /Y.W.C.A. BUILDING BRANCH | H10: 25450114
A11: 002 | B11: =_xlfn.XLOOKUP(A:A,[1]FI_NAME!$A:$A,[1]FI_NAME!$B:$B) -> ธนาคารกรุงเทพ จำกัด (มหาชน) | C11: =_xlfn.XLOOKUP(B:B,'Swift Code&Bank Name'!B:B,'Swift Code&Bank Name'!C:C) -> BANGKOK BANK PUBLIC COMPANY LTD. | D11: 0044 | E11: สาขาโลตัส บางนา | F11: LOTUS'S BANGNA BRANCH | G11: =CONCATENATE(D11," ",E11," ",F11) -> 0044 สาขาโลตัส บางนา LOTUS'S BANGNA BRANCH | H11: 25441101
A12: 002 | B12: =_xlfn.XLOOKUP(A:A,[1]FI_NAME!$A:$A,[1]FI_NAME!$B:$B) -> ธนาคารกรุงเทพ จำกัด (มหาชน) | C12: =_xlfn.XLOOKUP(B:B,'Swift Code&Bank Name'!B:B,'Swift Code&Bank Name'!C:C) -> BANGKOK BANK PUBLIC COMPANY LTD. | D12: 0045 | E12: สาขาโลตัส สุขาภิบาล 1 | F12: LOTUS'S SUKHAPHIBAN 1 BRANCH | G12: =CONCATENATE(D12," ",E12," ",F12) -> 0045 สาขาโลตัส สุขาภิบาล 1 LOTUS'S SUKHAPHIBAN 1 BRANCH | H12: 25441228
A13: 002 | B13: =_xlfn.XLOOKUP(A:A,[1]FI_NAME!$A:$A,[1]FI_NAME!$B:$B) -> ธนาคารกรุงเทพ จำกัด (มหาชน) | C13: =_xlfn.XLOOKUP(B:B,'Swift Code&Bank Name'!B:B,'Swift Code&Bank Name'!C:C) -> BANGKOK BANK PUBLIC COMPANY LTD. | D13: 0047 | E13: สาขาฟอร์จูน ทาวน์ | F13: FORTUNE TOWN BRANCH | G13: =CONCATENATE(D13," ",E13," ",F13) -> 0047 สาขาฟอร์จูน ทาวน์ FORTUNE TOWN BRANCH | H13: 25450502
A14: 002 | B14: =_xlfn.XLOOKUP(A:A,[1]FI_NAME!$A:$A,[1]FI_NAME!$B:$B) -> ธนาคารกรุงเทพ จำกัด (มหาชน) | C14: =_xlfn.XLOOKUP(B:B,'Swift Code&Bank Name'!B:B,'Swift Code&Bank Name'!C:C) -> BANGKOK BANK PUBLIC COMPANY LTD. | D14: 0051 | E14: สาขาซีคอน บางแค | F14: SEACON BANGKAE BRANCH | G14: =CONCATENATE(D14," ",E14," ",F14) -> 0051 สาขาซีคอน บางแค SEACON BANGKAE BRANCH | H14: 25440616
... A525: 002 | B525: =_xlfn.XLOOKUP(A:A,[1]FI_NAME!$A:$A,[1]FI_NAME!$B:$B) -> ธนาคารกรุงเทพ จำกัด (มหาชน) | C525: =_xlfn.XLOOKUP(B:B,'Swift Code&Bank Name'!B:B,'Swift Code&Bank Name'!C:C) -> BANGKOK BANK PUBLIC COMPANY LTD. | D525: 0827 | E525: สาขาย่อยไทจง | F525: สาขาย่อยไทจง | G525: =CONCATENATE(D525," ",E525," ",F525) -> 0827 สาขาย่อยไทจง สาขาย่อยไทจง | H525: 25381012
A526: 002 | B526: =_xlfn.XLOOKUP(A:A,[1]FI_NAME!$A:$A,[1]FI_NAME!$B:$B) -> ธนาคารกรุงเทพ จำกัด (มหาชน) | C526: =_xlfn.XLOOKUP(B:B,'Swift Code&Bank Name'!B:B,'Swift Code&Bank Name'!C:C) -> BANGKOK BANK PUBLIC COMPANY LTD. | D526: 0832 | E526: สาขากัมพูชา | G526: =CONCATENATE(D526," ",E526," ",F526) -> 0832 สาขากัมพูชา | H526: 25571230
A527: 002 | B527: =_xlfn.XLOOKUP(A:A,[1]FI_NAME!$A:$A,[1]FI_NAME!$B:$B) -> ธนาคารกรุงเทพ จำกัด (มหาชน) | C527: =_xlfn.XLOOKUP(B:B,'Swift Code&Bank Name'!B:B,'Swift Code&Bank Name'!C:C) -> BANGKOK BANK PUBLIC COMPANY LTD. | D527: 0834 | E527: สาขาย่างกุ้ง | F527: YANGON BRANCH | G527: =CONCATENATE(D527," ",E527," ",F527) -> 0834 สาขาย่างกุ้ง YANGON BRANCH | H527: 25580602
A528: 002 | B528: =_xlfn.XLOOKUP(A:A,[1]FI_NAME!$A:$A,[1]FI_NAME!$B:$B) -> ธนาคารกรุงเทพ จำกัด (มหาชน) | C528: =_xlfn.XLOOKUP(B:B,'Swift Code&Bank Name'!B:B,'Swift Code&Bank Name'!C:C) -> BANGKOK BANK PUBLIC COMPANY LTD. | D528: 0855 | E528: สาขาสยามพารากอน | F528: SIAM PARAGON BRANCH | G528: =CONCATENATE(D528," ",E528," ",F528) -> 0855 สาขาสยามพารากอน SIAM PARAGON BRANCH | H528: 25481209
A529: 002 | B529: =_xlfn.XLOOKUP(A:A,[1]FI_NAME!$A:$A,[1]FI_NAME!$B:$B) -> ธนาคารกรุงเทพ จำกัด (มหาชน) | C529: =_xlfn.XLOOKUP(B:B,'Swift Code&Bank Name'!B:B,'Swift Code&Bank Name'!C:C) -> BANGKOK BANK PUBLIC COMPANY LTD. | D529: 0856 | E529: สาขาตลาดไท | F529: TALADTHAI BRANCH | G529: =CONCATENATE(D529," ",E529," ",F529) -> 0856 สาขาตลาดไท TALADTHAI BRANCH | H529: 25481219
A530: 002 | B530: =_xlfn.XLOOKUP(A:A,[1]FI_NAME!$A:$A,[1]FI_NAME!$B:$B) -> ธนาคารกรุงเทพ จำกัด (มหาชน) | C530: =_xlfn.XLOOKUP(B:B,'Swift Code&Bank Name'!B:B,'Swift Code&Bank Name'!C:C) -> BANGKOK BANK PUBLIC COMPANY LTD. | D530: 0860 | E530: สาขาอาคารซิลลิค เฮ้าส์ | F530: ZUELLIG HOUSE BRANCH | G530: =CONCATENATE(D530," ",E530," ",F530) -> 0860 สาขาอาคารซิลลิค เฮ้าส์ ZUELLIG HOUSE BRANCH | H530: 25490526
A531: 002 | B531: =_xlfn.XLOOKUP(A:A,[1]FI_NAME!$A:$A,[1]FI_NAME!$B:$B) -> ธนาคารกรุงเทพ จำกัด (มหาชน) | C531: =_xlfn.XLOOKUP(B:B,'Swift Code&Bank Name'!B:B,'Swift Code&Bank Name'!C:C) -> BANGKOK BANK PUBLIC COMPANY LTD. | D531: 0861 | E531: สาขาบิ๊กซี ลำลูกกา | F531: BIG C LAMLUKKA BRANCH | G531: =CONCATENATE(D531," ",E531," ",F531) -> 0861 สาขาบิ๊กซี ลำลูกกา BIG C LAMLUKKA BRANCH | H531: 25491017
A532: 002 | B532: =_xlfn.XLOOKUP(A:A,[1]FI_NAME!$A:$A,[1]FI_NAME!$B:$B) -> ธนาคารกรุงเทพ จำกัด (มหาชน) | C532: =_xlfn.XLOOKUP(B:B,'Swift Code&Bank Name'!B:B,'Swift Code&Bank Name'!C:C) -> BANGKOK BANK PUBLIC COMPANY LTD. | D532: 0864 | E532: สาขานิคมอุตสาหกรรมลาดกระบัง | F532: LAT KRABANG INDUSTRIAL ESTATE BRANCH | G532: =CONCATENATE(D532," ",E532," ",F532) -> 0864 สาขานิคมอุตสาหกรรมลาดกระบัง LAT KRABANG INDUSTRIAL ESTATE BRANCH | H532: 25491215
A533: 002 | B533: =_xlfn.XLOOKUP(A:A,[1]FI_NAME!$A:$A,[1]FI_NAME!$B:$B) -> ธนาคารกรุงเทพ จำกัด (มหาชน) | C533: =_xlfn.XLOOKUP(B:B,'Swift Code&Bank Name'!B:B,'Swift Code&Bank Name'!C:C) -> BANGKOK BANK PUBLIC COMPANY LTD. | D533: 0865 | E533: สาขาแฟชั่น ไอส์แลนด์ | F533: FASHION ISLAND BRANCH | G533: =CONCATENATE(D533," ",E533," ",F533) -> 0865 สาขาแฟชั่น ไอส์แลนด์ FASHION ISLAND BRANCH | H533: 25491108
A534: 002 | B534: =_xlfn.XLOOKUP(A:A,[1]FI_NAME!$A:$A,[1]FI_NAME!$B:$B) -> ธนาคารกรุงเทพ จำกัด (มหาชน) | C534: =_xlfn.XLOOKUP(B:B,'Swift Code&Bank Name'!B:B,'Swift Code&Bank Name'!C:C) -> BANGKOK BANK PUBLIC COMPANY LTD. | D534: 0868 | E534: สาขานิคมอุตสาหกรรมบางพลี | F534: BANGPLEE INDUSTRIAL ESTATE BRANCH | G534: =CONCATENATE(D534," ",E534," ",F534) -> 0868 สาขานิคมอุตสาหกรรมบางพลี BANGPLEE INDUSTRIAL ESTATE BRANCH | H534: 25500209
A535: 002 | B535: =_xlfn.XLOOKUP(A:A,[1]FI_NAME!$A:$A,[1]FI_NAME!$B:$B) -> ธนาคารกรุงเทพ จำกัด (มหาชน) | C535: =_xlfn.XLOOKUP(B:B,'Swift Code&Bank Name'!B:B,'Swift Code&Bank Name'!C:C) -> BANGKOK BANK PUBLIC COMPANY LTD. | D535: 0871 | E535: สาขาถนนเอกชัย สมุทรสาคร | F535: EKACHAI ROAD SAMUTSAKHON BRANCH | G535: =CONCATENATE(D535," ",E535," ",F535) -> 0871 สาขาถนนเอกชัย สมุทรสาคร EKACHAI ROAD SAMUTSAKHON BRANCH | H535: 25491215
A536: 002 | B536: =_xlfn.XLOOKUP(A:A,[1]FI_NAME!$A:$A,[1]FI_NAME!$B:$B) -> ธนาคารกรุงเทพ จำกัด (มหาชน) | C536: =_xlfn.XLOOKUP(B:B,'Swift Code&Bank Name'!B:B,'Swift Code&Bank Name'!C:C) -> BANGKOK BANK PUBLIC COMPANY LTD. | D536: 0876 | E536: สาขามาบุญครอง | F536: MAHBOONKRONG 2 BRANCH | G536: =CONCATENATE(D536," ",E536," ",F536) -> 0876 สาขามาบุญครอง MAHBOONKRONG 2 BRANCH | H536: 25500302
A537: 002 | B537: =_xlfn.XLOOKUP(A:A,[1]FI_NAME!$A:$A,[1]FI_NAME!$B:$B) -> ธนาคารกรุงเทพ จำกัด (มหาชน) | C537: =_xlfn.XLOOKUP(B:B,'Swift Code&Bank Name'!B:B,'Swift Code&Bank Name'!C:C) -> BANGKOK BANK PUBLIC COMPANY LTD. | D537: 0877 | E537: สาขาเอสพละนาด | F537: ESPLANADE BRANCH | G537: =CONCATENATE(D537," ",E537," ",F537) -> 0877 สาขาเอสพละนาด ESPLANADE BRANCH | H537: 25500322
A538: 002 | B538: =_xlfn.XLOOKUP(A:A,[1]FI_NAME!$A:$A,[1]FI_NAME!$B:$B) -> ธนาคารกรุงเทพ จำกัด (มหาชน) | C538: =_xlfn.XLOOKUP(B:B,'Swift Code&Bank Name'!B:B,'Swift Code&Bank Name'!C:C) -> BANGKOK BANK PUBLIC COMPANY LTD. | D538: 0879 | E538: สาขาเซ็นทรัลเวิลด์ | F538: CENTRAL WORLD BRANCH | G538: =CONCATENATE(D538," ",E538," ",F538) -> 0879 สาขาเซ็นทรัลเวิลด์ CENTRAL WORLD BRANCH | H538: 25500704
... A1300: 004 | B1300: =_xlfn.XLOOKUP(A:A,[1]FI_NAME!$A:$A,[1]FI_NAME!$B:$B) -> ธนาคารกสิกรไทย จำกัด (มหาชน) | C1300: =_xlfn.XLOOKUP(B:B,'Swift Code&Bank Name'!B:B,'Swift Code&Bank Name'!C:C) -> KASIKORNBANK PUBLIC COMPANY LIMITED | D1300: 0972 | E1300: สาขาบิ๊กซี มหาชัย | F1300: BIG-C MAHACHAI BRANCH | G1300: =CONCATENATE(D1300," ",E1300," ",F1300) -> 0972 สาขาบิ๊กซี มหาชัย BIG-C MAHACHAI BRANCH | H1300: 25530401
A1301: 004 | B1301: =_xlfn.XLOOKUP(A:A,[1]FI_NAME!$A:$A,[1]FI_NAME!$B:$B) -> ธนาคารกสิกรไทย จำกัด (มหาชน) | C1301: =_xlfn.XLOOKUP(B:B,'Swift Code&Bank Name'!B:B,'Swift Code&Bank Name'!C:C) -> KASIKORNBANK PUBLIC COMPANY LIMITED | D1301: 0973 | E1301: สำนักงานผู้แทนกรุงจาการ์ตา | G1301: =CONCATENATE(D1301," ",E1301," ",F1301) -> 0973 สำนักงานผู้แทนกรุงจาการ์ตา | H1301: 25580422
A1302: 004 | B1302: =_xlfn.XLOOKUP(A:A,[1]FI_NAME!$A:$A,[1]FI_NAME!$B:$B) -> ธนาคารกสิกรไทย จำกัด (มหาชน) | C1302: =_xlfn.XLOOKUP(B:B,'Swift Code&Bank Name'!B:B,'Swift Code&Bank Name'!C:C) -> KASIKORNBANK PUBLIC COMPANY LIMITED | D1302: 0978 | E1302: สาขาถนนเอกชัย-บางบอน | F1302: THANON EKKACHAI-BANG BON BRANCH | G1302: =CONCATENATE(D1302," ",E1302," ",F1302) -> 0978 สาขาถนนเอกชัย-บางบอน THANON EKKACHAI-BANG BON BRANCH | H1302: 25530409
A1303: 004 | B1303: =_xlfn.XLOOKUP(A:A,[1]FI_NAME!$A:$A,[1]FI_NAME!$B:$B) -> ธนาคารกสิกรไทย จำกัด (มหาชน) | C1303: =_xlfn.XLOOKUP(B:B,'Swift Code&Bank Name'!B:B,'Swift Code&Bank Name'!C:C) -> KASIKORNBANK PUBLIC COMPANY LIMITED | D1303: 0980 | E1303: สาขาโรบินสัน ศรีสมาน | F1303: ROBINSON SRI SAMAN BRANCH | G1303: =CONCATENATE(D1303," ",E1303," ",F1303) -> 0980 สาขาโรบินสัน ศรีสมาน ROBINSON SRI SAMAN BRANCH | H1303: 25530423
A1304: 004 | B1304: =_xlfn.XLOOKUP(A:A,[1]FI_NAME!$A:$A,[1]FI_NAME!$B:$B) -> ธนาคารกสิกรไทย จำกัด (มหาชน) | C1304: =_xlfn.XLOOKUP(B:B,'Swift Code&Bank Name'!B:B,'Swift Code&Bank Name'!C:C) -> KASIKORNBANK PUBLIC COMPANY LIMITED | D1304: 0984 | E1304: สาขาถนนนวลจันทร์ | F1304: THANON NUAN CHAN BRANCH | G1304: =CONCATENATE(D1304," ",E1304," ",F1304) -> 0984 สาขาถนนนวลจันทร์ THANON NUAN CHAN BRANCH | H1304: 25530618
A1305: 004 | B1305: =_xlfn.XLOOKUP(A:A,[1]FI_NAME!$A:$A,[1]FI_NAME!$B:$B) -> ธนาคารกสิกรไทย จำกัด (มหาชน) | C1305: =_xlfn.XLOOKUP(B:B,'Swift Code&Bank Name'!B:B,'Swift Code&Bank Name'!C:C) -> KASIKORNBANK PUBLIC COMPANY LIMITED | D1305: 0985 | E1305: สาขาศาลยุติธรรม | F1305: COURT OF JUSTICE BRANCH | G1305: =CONCATENATE(D1305," ",E1305," ",F1305) -> 0985 สาขาศาลยุติธรรม COURT OF JUSTICE BRANCH | H1305: 25530625
A1306: 004 | B1306: =_xlfn.XLOOKUP(A:A,[1]FI_NAME!$A:$A,[1]FI_NAME!$B:$B) -> ธนาคารกสิกรไทย จำกัด (มหาชน) | C1306: =_xlfn.XLOOKUP(B:B,'Swift Code&Bank Name'!B:B,'Swift Code&Bank Name'!C:C) -> KASIKORNBANK PUBLIC COMPANY LIMITED | D1306: 0989 | E1306: สาขาถนนอัสสัมชัญ ศรีราชา | F1306: THANON ASSUMPTION SI RACHA BRANCH | G1306: =CONCATENATE(D1306," ",E1306," ",F1306) -> 0989 สาขาถนนอัสสัมชัญ ศรีราชา THANON ASSUMPTION SI RACHA BRANCH | H1306: 25530910
A1307: 004 | B1307: =_xlfn.XLOOKUP(A:A,[1]FI_NAME!$A:$A,[1]FI_NAME!$B:$B) -> ธนาคารกสิกรไทย จำกัด (มหาชน) | C1307: =_xlfn.XLOOKUP(B:B,'Swift Code&Bank Name'!B:B,'Swift Code&Bank Name'!C:C) -> KASIKORNBANK PUBLIC COMPANY LIMITED | D1307: 0993 | E1307: สาขาโลตัส สุขาภิบาล 3 | F1307: LOTUS'S SUKHAPHIBAN 3 BRANCH | G1307: =CONCATENATE(D1307," ",E1307," ",F1307) -> 0993 สาขาโลตัส สุขาภิบาล 3 LOTUS'S SUKHAPHIBAN 3 BRANCH | H1307: 25531001
A1308: 004 | B1308: =_xlfn.XLOOKUP(A:A,[1]FI_NAME!$A:$A,[1]FI_NAME!$B:$B) -> ธนาคารกสิกรไทย จำกัด (มหาชน) | C1308: =_xlfn.XLOOKUP(B:B,'Swift Code&Bank Name'!B:B,'Swift Code&Bank Name'!C:C) -> KASIKORNBANK PUBLIC COMPANY LIMITED | D1308: 0994 | E1308: สาขาสัมมากร เพลส รามคำแหง 110 | F1308: SAMMAKORN PLACE RAMKHAMHAENG 110 BRANCH | G1308: =CONCATENATE(D1308," ",E1308," ",F1308) -> 0994 สาขาสัมมากร เพลส รามคำแหง 110 SAMMAKORN PLACE RAMKHAMHAENG 110 BRANCH | H1308: 25531008
A1309: 004 | B1309: =_xlfn.XLOOKUP(A:A,[1]FI_NAME!$A:$A,[1]FI_NAME!$B:$B) -> ธนาคารกสิกรไทย จำกัด (มหาชน) | C1309: =_xlfn.XLOOKUP(B:B,'Swift Code&Bank Name'!B:B,'Swift Code&Bank Name'!C:C) -> KASIKORNBANK PUBLIC COMPANY LIMITED | D1309: 0995 | E1309: สาขาโลตัส กระทุ่มแบน | F1309: LOTUS'S KRATHUM BAEN BRANCH | G1309: =CONCATENATE(D1309," ",E1309," ",F1309) -> 0995 สาขาโลตัส กระทุ่มแบน LOTUS'S KRATHUM BAEN BRANCH | H1309: 25531021
A1310: 004 | B1310: =_xlfn.XLOOKUP(A:A,[1]FI_NAME!$A:$A,[1]FI_NAME!$B:$B) -> ธนาคารกสิกรไทย จำกัด (มหาชน) | C1310: =_xlfn.XLOOKUP(B:B,'Swift Code&Bank Name'!B:B,'Swift Code&Bank Name'!C:C) -> KASIKORNBANK PUBLIC COMPANY LIMITED | D1310: 1000 | E1310: สาขาหอการค้าไทย | F1310: THE THAI CHAMBER OF COMMERCE BRANCH | G1310: =CONCATENATE(D1310," ",E1310," ",F1310) -> 1000 สาขาหอการค้าไทย THE THAI CHAMBER OF COMMERCE BRANCH | H1310: 25570305
A1311: 004 | B1311: =_xlfn.XLOOKUP(A:A,[1]FI_NAME!$A:$A,[1]FI_NAME!$B:$B) -> ธนาคารกสิกรไทย จำกัด (มหาชน) | C1311: =_xlfn.XLOOKUP(B:B,'Swift Code&Bank Name'!B:B,'Swift Code&Bank Name'!C:C) -> KASIKORNBANK PUBLIC COMPANY LIMITED | D1311: 1008 | E1311: สาขาเซ็นทรัล โคราช | F1311: CENTRAL KORAT BRANCH | G1311: =CONCATENATE(D1311," ",E1311," ",F1311) -> 1008 สาขาเซ็นทรัล โคราช CENTRAL KORAT BRANCH | H1311: 25571115
A1312: 004 | B1312: =_xlfn.XLOOKUP(A:A,[1]FI_NAME!$A:$A,[1]FI_NAME!$B:$B) -> ธนาคารกสิกรไทย จำกัด (มหาชน) | C1312: =_xlfn.XLOOKUP(B:B,'Swift Code&Bank Name'!B:B,'Swift Code&Bank Name'!C:C) -> KASIKORNBANK PUBLIC COMPANY LIMITED | D1312: 1011 | E1312: สาขาโรบินสัน ฉะเชิงเทรา | F1312: ROBINSON CHACHOENGSAO BRANCH | G1312: =CONCATENATE(D1312," ",E1312," ",F1312) -> 1011 สาขาโรบินสัน ฉะเชิงเทรา ROBINSON CHACHOENGSAO BRANCH | H1312: 25570912
A1313: 004 | B1313: =_xlfn.XLOOKUP(A:A,[1]FI_NAME!$A:$A,[1]FI_NAME!$B:$B) -> ธนาคารกสิกรไทย จำกัด (มหาชน) | C1313: =_xlfn.XLOOKUP(B:B,'Swift Code&Bank Name'!B:B,'Swift Code&Bank Name'!C:C) -> KASIKORNBANK PUBLIC COMPANY LIMITED | D1313: 1012 | E1313: สาขาโลตัส ชุมพร | F1313: LOTUS'S CHUMPHON BRANCH | G1313: =CONCATENATE(D1313," ",E1313," ",F1313) -> 1012 สาขาโลตัส ชุมพร LOTUS'S CHUMPHON BRANCH | H1313: 25571121
... A1364: 004 | B1364: =_xlfn.XLOOKUP(A:A,[1]FI_NAME!$A:$A,[1]FI_NAME!$B:$B) -> ธนาคารกสิกรไทย จำกัด (มหาชน) | C1364: =_xlfn.XLOOKUP(B:B,'Swift Code&Bank Name'!B:B,'Swift Code&Bank Name'!C:C) -> KASIKORNBANK PUBLIC COMPANY LIMITED | D1364: 1239 | E1364: สาขาพร้าว เชียงใหม่ | F1364: PHRAO CHIANG MAI BRANCH | G1364: =CONCATENATE(D1364," ",E1364," ",F1364) -> 1239 สาขาพร้าว เชียงใหม่ PHRAO CHIANG MAI BRANCH | H1364: 25551228
A1365: 004 | B1365: =_xlfn.XLOOKUP(A:A,[1]FI_NAME!$A:$A,[1]FI_NAME!$B:$B) -> ธนาคารกสิกรไทย จำกัด (มหาชน) | C1365: =_xlfn.XLOOKUP(B:B,'Swift Code&Bank Name'!B:B,'Swift Code&Bank Name'!C:C) -> KASIKORNBANK PUBLIC COMPANY LIMITED | D1365: 1241 | E1365: สำนักงานผู้แทน ณ นครลอสแองเจลิส | G1365: =CONCATENATE(D1365," ",E1365," ",F1365) -> 1241 สำนักงานผู้แทน ณ นครลอสแองเจลิส | H1365: 25590301
A1366: 004 | B1366: =_xlfn.XLOOKUP(A:A,[1]FI_NAME!$A:$A,[1]FI_NAME!$B:$B) -> ธนาคารกสิกรไทย จำกัด (มหาชน) | C1366: =_xlfn.XLOOKUP(B:B,'Swift Code&Bank Name'!B:B,'Swift Code&Bank Name'!C:C) -> KASIKORNBANK PUBLIC COMPANY LIMITED | D1366: 1242 | E1366: พนมเปญ | F1366: PHNOM PENCH | G1366: =CONCATENATE(D1366," ",E1366," ",F1366) -> 1242 พนมเปญ PHNOM PENCH | H1366: 25591122
A1367: 004 | B1367: =_xlfn.XLOOKUP(A:A,[1]FI_NAME!$A:$A,[1]FI_NAME!$B:$B) -> ธนาคารกสิกรไทย จำกัด (มหาชน) | C1367: =_xlfn.XLOOKUP(B:B,'Swift Code&Bank Name'!B:B,'Swift Code&Bank Name'!C:C) -> KASIKORNBANK PUBLIC COMPANY LIMITED | D1367: 1245 | E1367: สาขาโรบินสัน ลพบุรี | F1367: ROBINSON LOP BURI BRANCH | G1367: =CONCATENATE(D1367," ",E1367," ",F1367) -> 1245 สาขาโรบินสัน ลพบุรี ROBINSON LOP BURI BRANCH | H1367: 25591216
A1368: 004 | B1368: =_xlfn.XLOOKUP(A:A,[1]FI_NAME!$A:$A,[1]FI_NAME!$B:$B) -> ธนาคารกสิกรไทย จำกัด (มหาชน) | C1368: =_xlfn.XLOOKUP(B:B,'Swift Code&Bank Name'!B:B,'Swift Code&Bank Name'!C:C) -> KASIKORNBANK PUBLIC COMPANY LIMITED | D1368: 1251 | E1368: สาขาเซ็นทรัล นครปฐม | F1368: CENTRAL NAKHON PATHOM BRANCH | G1368: =CONCATENATE(D1368," ",E1368," ",F1368) -> 1251 สาขาเซ็นทรัล นครปฐม CENTRAL NAKHON PATHOM BRANCH | H1368: 25610201
A1369: 004 | B1369: =_xlfn.XLOOKUP(A:A,[1]FI_NAME!$A:$A,[1]FI_NAME!$B:$B) -> ธนาคารกสิกรไทย จำกัด (มหาชน) | C1369: =_xlfn.XLOOKUP(B:B,'Swift Code&Bank Name'!B:B,'Swift Code&Bank Name'!C:C) -> KASIKORNBANK PUBLIC COMPANY LIMITED | D1369: 1253 | E1369: สาขานาเกลือ ซอย 12 พัทยา | F1369: NA KLUA SOI 12 PATTAYA BRANCH | G1369: =CONCATENATE(D1369," ",E1369," ",F1369) -> 1253 สาขานาเกลือ ซอย 12 พัทยา NA KLUA SOI 12 PATTAYA BRANCH | H1369: 25610330
A1370: 004 | B1370: =_xlfn.XLOOKUP(A:A,[1]FI_NAME!$A:$A,[1]FI_NAME!$B:$B) -> ธนาคารกสิกรไทย จำกัด (มหาชน) | C1370: =_xlfn.XLOOKUP(B:B,'Swift Code&Bank Name'!B:B,'Swift Code&Bank Name'!C:C) -> KASIKORNBANK PUBLIC COMPANY LIMITED | D1370: 1254 | E1370: สาขาโรบินสัน ไลฟ์สไตล์ ชลบุรี | F1370: ROBINSON LIFESTYLE CHON BURI BRANCH | G1370: =CONCATENATE(D1370," ",E1370," ",F1370) -> 1254 สาขาโรบินสัน ไลฟ์สไตล์ ชลบุรี ROBINSON LIFESTYLE CHON BURI BRANCH | H1370: 25610627
A1371: 004 | B1371: =_xlfn.XLOOKUP(A:A,[1]FI_NAME!$A:$A,[1]FI_NAME!$B:$B) -> ธนาคารกสิกรไทย จำกัด (มหาชน) | C1371: =_xlfn.XLOOKUP(B:B,'Swift Code&Bank Name'!B:B,'Swift Code&Bank Name'!C:C) -> KASIKORNBANK PUBLIC COMPANY LIMITED | D1371: 1257 | E1371: สาขาบิ๊กซี บางพลี | F1371: BIG-C BANG PHLI BRANCH | G1371: =CONCATENATE(D1371," ",E1371," ",F1371) -> 1257 สาขาบิ๊กซี บางพลี BIG-C BANG PHLI BRANCH | H1371: 25610901
A1372: 004 | B1372: =_xlfn.XLOOKUP(A:A,[1]FI_NAME!$A:$A,[1]FI_NAME!$B:$B) -> ธนาคารกสิกรไทย จำกัด (มหาชน) | C1372: =_xlfn.XLOOKUP(B:B,'Swift Code&Bank Name'!B:B,'Swift Code&Bank Name'!C:C) -> KASIKORNBANK PUBLIC COMPANY LIMITED | D1372: 1267 | E1372: สาขาวัน-โอ-วัน เดอะเทิร์ดเพลส | F1372: 101 THE THIRD PLACE BRANCH | G1372: =CONCATENATE(D1372," ",E1372," ",F1372) -> 1267 สาขาวัน-โอ-วัน เดอะเทิร์ดเพลส 101 THE THIRD PLACE BRANCH | H1372: 25620201
A1373: 004 | B1373: =_xlfn.XLOOKUP(A:A,[1]FI_NAME!$A:$A,[1]FI_NAME!$B:$B) -> ธนาคารกสิกรไทย จำกัด (มหาชน) | C1373: =_xlfn.XLOOKUP(B:B,'Swift Code&Bank Name'!B:B,'Swift Code&Bank Name'!C:C) -> KASIKORNBANK PUBLIC COMPANY LIMITED | D1373: 1270 | E1373: สาขาเดอะชิลด์ พัทยา | F1373: THE CHILLED PATTAYA BRANCH | G1373: =CONCATENATE(D1373," ",E1373," ",F1373) -> 1270 สาขาเดอะชิลด์ พัทยา THE CHILLED PATTAYA BRANCH | H1373: 25620712
A1374: 004 | B1374: =_xlfn.XLOOKUP(A:A,[1]FI_NAME!$A:$A,[1]FI_NAME!$B:$B) -> ธนาคารกสิกรไทย จำกัด (มหาชน) | C1374: =_xlfn.XLOOKUP(B:B,'Swift Code&Bank Name'!B:B,'Swift Code&Bank Name'!C:C) -> KASIKORNBANK PUBLIC COMPANY LIMITED | D1374: 1282 | E1374: สาขาเม-ญ่า เชียงใหม่ | F1374: MAYA CHIANG MAI BRANCH | G1374: =CONCATENATE(D1374," ",E1374," ",F1374) -> 1282 สาขาเม-ญ่า เชียงใหม่ MAYA CHIANG MAI BRANCH | H1374: 25570123
A1375: 004 | B1375: =_xlfn.XLOOKUP(A:A,[1]FI_NAME!$A:$A,[1]FI_NAME!$B:$B) -> ธนาคารกสิกรไทย จำกัด (มหาชน) | C1375: =_xlfn.XLOOKUP(B:B,'Swift Code&Bank Name'!B:B,'Swift Code&Bank Name'!C:C) -> KASIKORNBANK PUBLIC COMPANY LIMITED | D1375: 1296 | E1375: ธนาคารกสิกรไทย สาขานครโฮจิมินห์ สาธารณรัฐสังคมนิยมเวียดนาม | F1375: KASIKORNBANK PUBLIC COMPANY LIMITED - HO CHI MINH CITY BRANCH | G1375: =CONCATENATE(D1375," ",E1375," ",F1375) -> 1296 ธนาคารกสิกรไทย สาขานครโฮจิมินห์ สาธารณรัฐสังคมนิยมเวียดนาม KASIKORNBANK PUBLIC COMPANY LIMITED - HO CHI MINH CITY BRANCH | H1375: 25641112
A1376: 004 | B1376: =_xlfn.XLOOKUP(A:A,[1]FI_NAME!$A:$A,[1]FI_NAME!$B:$B) -> ธนาคารกสิกรไทย จำกัด (มหาชน) | C1376: =_xlfn.XLOOKUP(B:B,'Swift Code&Bank Name'!B:B,'Swift Code&Bank Name'!C:C) -> KASIKORNBANK PUBLIC COMPANY LIMITED | D1376: 1300 | E1376: สาขาเทิง เชียงราย | F1376: THOENG CHIANG RAI BRANCH | G1376: =CONCATENATE(D1376," ",E1376," ",F1376) -> 1300 สาขาเทิง เชียงราย THOENG CHIANG RAI BRANCH | H1376: 25560927
A1377: 004 | B1377: =_xlfn.XLOOKUP(A:A,[1]FI_NAME!$A:$A,[1]FI_NAME!$B:$B) -> ธนาคารกสิกรไทย จำกัด (มหาชน) | C1377: =_xlfn.XLOOKUP(B:B,'Swift Code&Bank Name'!B:B,'Swift Code&Bank Name'!C:C) -> KASIKORNBANK PUBLIC COMPANY LIMITED | D1377: 1302 | E1377: สาขาท่าอากาศยานสุวรรณภูมิ | F1377: SUVARNABHUMI AIRPORT BRANCH | G1377: =CONCATENATE(D1377," ",E1377," ",F1377) -> 1302 สาขาท่าอากาศยานสุวรรณภูมิ SUVARNABHUMI AIRPORT BRANCH | H1377: 25650331
... A1979: 006 | B1979: =_xlfn.XLOOKUP(A:A,[1]FI_NAME!$A:$A,[1]FI_NAME!$B:$B) -> ธนาคารกรุงไทย จำกัด (มหาชน) | C1979: =_xlfn.XLOOKUP(B:B,'Swift Code&Bank Name'!B:B,'Swift Code&Bank Name'!C:C) -> KRUNGTHAI BANK PUBLIC COMPANY LIMITED | D1979: 0846 | E1979: สาขาสิริบรรณช้อปปิ้งเซ็นเตอร์ | F1979: SIRIBAN SHOPPING CENTRAL BRANCH | G1979: =CONCATENATE(D1979," ",E1979," ",F1979) -> 0846 สาขาสิริบรรณช้อปปิ้งเซ็นเตอร์ SIRIBAN SHOPPING CENTRAL BRANCH | H1979: 25511218
A1980: 006 | B1980: =_xlfn.XLOOKUP(A:A,[1]FI_NAME!$A:$A,[1]FI_NAME!$B:$B) -> ธนาคารกรุงไทย จำกัด (มหาชน) | C1980: =_xlfn.XLOOKUP(B:B,'Swift Code&Bank Name'!B:B,'Swift Code&Bank Name'!C:C) -> KRUNGTHAI BANK PUBLIC COMPANY LIMITED | D1980: 0848 | E1980: สาขาย่อยจังหวัดเสียมเรียบ | G1980: =CONCATENATE(D1980," ",E1980," ",F1980) -> 0848 สาขาย่อยจังหวัดเสียมเรียบ | H1980: 25470409
A1981: 006 | B1981: =_xlfn.XLOOKUP(A:A,[1]FI_NAME!$A:$A,[1]FI_NAME!$B:$B) -> ธนาคารกรุงไทย จำกัด (มหาชน) | C1981: =_xlfn.XLOOKUP(B:B,'Swift Code&Bank Name'!B:B,'Swift Code&Bank Name'!C:C) -> KRUNGTHAI BANK PUBLIC COMPANY LIMITED | D1981: 0849 | E1981: สาขาโลตัส เดชอุดม | F1981: LOTUS DET UDOM BRANCH | G1981: =CONCATENATE(D1981," ",E1981," ",F1981) -> 0849 สาขาโลตัส เดชอุดม LOTUS DET UDOM BRANCH | H1981: 25501212
A1982: 006 | B1982: =_xlfn.XLOOKUP(A:A,[1]FI_NAME!$A:$A,[1]FI_NAME!$B:$B) -> ธนาคารกรุงไทย จำกัด (มหาชน) | C1982: =_xlfn.XLOOKUP(B:B,'Swift Code&Bank Name'!B:B,'Swift Code&Bank Name'!C:C) -> KRUNGTHAI BANK PUBLIC COMPANY LIMITED | D1982: 0850 | E1982: สาขาสุนีย์ทาวเวอร์ อุบลราชธานี | F1982: SUNEE TOWER UBONRATCHATHANI BRANCH | G1982: =CONCATENATE(D1982," ",E1982," ",F1982) -> 0850 สาขาสุนีย์ทาวเวอร์ อุบลราชธานี SUNEE TOWER UBONRATCHATHANI BRANCH | H1982: 25501213
A1983: 006 | B1983: =_xlfn.XLOOKUP(A:A,[1]FI_NAME!$A:$A,[1]FI_NAME!$B:$B) -> ธนาคารกรุงไทย จำกัด (มหาชน) | C1983: =_xlfn.XLOOKUP(B:B,'Swift Code&Bank Name'!B:B,'Swift Code&Bank Name'!C:C) -> KRUNGTHAI BANK PUBLIC COMPANY LIMITED | D1983: 0851 | E1983: สาขาบิ๊กซี บางพลี | F1983: BIG C BANGPHLI BRANCH | G1983: =CONCATENATE(D1983," ",E1983," ",F1983) -> 0851 สาขาบิ๊กซี บางพลี BIG C BANGPHLI BRANCH | H1983: 25501216
A1984: 006 | B1984: =_xlfn.XLOOKUP(A:A,[1]FI_NAME!$A:$A,[1]FI_NAME!$B:$B) -> ธนาคารกรุงไทย จำกัด (มหาชน) | C1984: =_xlfn.XLOOKUP(B:B,'Swift Code&Bank Name'!B:B,'Swift Code&Bank Name'!C:C) -> KRUNGTHAI BANK PUBLIC COMPANY LIMITED | D1984: 0854 | E1984: สาขาบิ๊กซี ลำพูน | F1984: BIG C LAMPHUN BRANCH | G1984: =CONCATENATE(D1984," ",E1984," ",F1984) -> 0854 สาขาบิ๊กซี ลำพูน BIG C LAMPHUN BRANCH | H1984: 25501221
A1985: 006 | B1985: =_xlfn.XLOOKUP(A:A,[1]FI_NAME!$A:$A,[1]FI_NAME!$B:$B) -> ธนาคารกรุงไทย จำกัด (มหาชน) | C1985: =_xlfn.XLOOKUP(B:B,'Swift Code&Bank Name'!B:B,'Swift Code&Bank Name'!C:C) -> KRUNGTHAI BANK PUBLIC COMPANY LIMITED | D1985: 0857 | E1985: สาขามหาวิทยาลัยนเรศวร | F1985: NARESUAN UNIVERSITY BRANCH | G1985: =CONCATENATE(D1985," ",E1985," ",F1985) -> 0857 สาขามหาวิทยาลัยนเรศวร NARESUAN UNIVERSITY BRANCH | H1985: 25510114
A1986: 006 | B1986: =_xlfn.XLOOKUP(A:A,[1]FI_NAME!$A:$A,[1]FI_NAME!$B:$B) -> ธนาคารกรุงไทย จำกัด (มหาชน) | C1986: =_xlfn.XLOOKUP(B:B,'Swift Code&Bank Name'!B:B,'Swift Code&Bank Name'!C:C) -> KRUNGTHAI BANK PUBLIC COMPANY LIMITED | D1986: 0858 | E1986: สาขาเนวาด้า สกลนคร | F1986: NEVADA SAKONNAKHON BRANCH | G1986: =CONCATENATE(D1986," ",E1986," ",F1986) -> 0858 สาขาเนวาด้า สกลนคร NEVADA SAKONNAKHON BRANCH | H1986: 25510115
A1987: 006 | B1987: =_xlfn.XLOOKUP(A:A,[1]FI_NAME!$A:$A,[1]FI_NAME!$B:$B) -> ธนาคารกรุงไทย จำกัด (มหาชน) | C1987: =_xlfn.XLOOKUP(B:B,'Swift Code&Bank Name'!B:B,'Swift Code&Bank Name'!C:C) -> KRUNGTHAI BANK PUBLIC COMPANY LIMITED | D1987: 0860 | E1987: สาขาศาลอาญา | F1987: CRIMINAL COURT BRANCH | G1987: =CONCATENATE(D1987," ",E1987," ",F1987) -> 0860 สาขาศาลอาญา CRIMINAL COURT BRANCH | H1987: 25510814
A1988: 006 | B1988: =_xlfn.XLOOKUP(A:A,[1]FI_NAME!$A:$A,[1]FI_NAME!$B:$B) -> ธนาคารกรุงไทย จำกัด (มหาชน) | C1988: =_xlfn.XLOOKUP(B:B,'Swift Code&Bank Name'!B:B,'Swift Code&Bank Name'!C:C) -> KRUNGTHAI BANK PUBLIC COMPANY LIMITED | D1988: 0861 | E1988: สาขาโลตัส ขุขันธ์ | F1988: LOTUS KHUKHAN BRANCH | G1988: =CONCATENATE(D1988," ",E1988," ",F1988) -> 0861 สาขาโลตัส ขุขันธ์ LOTUS KHUKHAN BRANCH | H1988: 25510829
A1989: 006 | B1989: =_xlfn.XLOOKUP(A:A,[1]FI_NAME!$A:$A,[1]FI_NAME!$B:$B) -> ธนาคารกรุงไทย จำกัด (มหาชน) | C1989: =_xlfn.XLOOKUP(B:B,'Swift Code&Bank Name'!B:B,'Swift Code&Bank Name'!C:C) -> KRUNGTHAI BANK PUBLIC COMPANY LIMITED | D1989: 0862 | E1989: สาขาโลตัส พิบูลมังสาหาร | F1989: LOTUS PIBOONMANGSAHAN BRANCH | G1989: =CONCATENATE(D1989," ",E1989," ",F1989) -> 0862 สาขาโลตัส พิบูลมังสาหาร LOTUS PIBOONMANGSAHAN BRANCH | H1989: 25510912
A1990: 006 | B1990: =_xlfn.XLOOKUP(A:A,[1]FI_NAME!$A:$A,[1]FI_NAME!$B:$B) -> ธนาคารกรุงไทย จำกัด (มหาชน) | C1990: =_xlfn.XLOOKUP(B:B,'Swift Code&Bank Name'!B:B,'Swift Code&Bank Name'!C:C) -> KRUNGTHAI BANK PUBLIC COMPANY LIMITED | D1990: 0863 | E1990: สาขาศูนย์ราชการจังหวัดเพชรบูรณ์ | F1990: PHETCHABUN GOVERNMENT CENTER BRANCH | G1990: =CONCATENATE(D1990," ",E1990," ",F1990) -> 0863 สาขาศูนย์ราชการจังหวัดเพชรบูรณ์ PHETCHABUN GOVERNMENT CENTER BRANCH | H1990: 25510919
A1991: 006 | B1991: =_xlfn.XLOOKUP(A:A,[1]FI_NAME!$A:$A,[1]FI_NAME!$B:$B) -> ธนาคารกรุงไทย จำกัด (มหาชน) | C1991: =_xlfn.XLOOKUP(B:B,'Swift Code&Bank Name'!B:B,'Swift Code&Bank Name'!C:C) -> KRUNGTHAI BANK PUBLIC COMPANY LIMITED | D1991: 0864 | E1991: สาขาแม็คโคร จรัญสนิทวงศ์ | F1991: MAKRO CHARANSANITWONG BRANCH | G1991: =CONCATENATE(D1991," ",E1991," ",F1991) -> 0864 สาขาแม็คโคร จรัญสนิทวงศ์ MAKRO CHARANSANITWONG BRANCH | H1991: 25510905
A1992: 006 | B1992: =_xlfn.XLOOKUP(A:A,[1]FI_NAME!$A:$A,[1]FI_NAME!$B:$B) -> ธนาคารกรุงไทย จำกัด (มหาชน) | C1992: =_xlfn.XLOOKUP(B:B,'Swift Code&Bank Name'!B:B,'Swift Code&Bank Name'!C:C) -> KRUNGTHAI BANK PUBLIC COMPANY LIMITED | D1992: 0865 | E1992: สาขาโลตัส ยโสธร | F1992: LOTUS YASOTHON BRANCH | G1992: =CONCATENATE(D1992," ",E1992," ",F1992) -> 0865 สาขาโลตัส ยโสธร LOTUS YASOTHON BRANCH | H1992: 25510923
... A7007: 312 | B7007: =_xlfn.XLOOKUP(A:A,[1]FI_NAME!$A:$A,[1]FI_NAME!$B:$B) -> บริษัท ไมด้า ลิสซิ่ง จำกัด (มหาชน) | C7007: =_xlfn.XLOOKUP(B:B,'Swift Code&Bank Name'!B:B,'Swift Code&Bank Name'!C:C) -> #N/A | D7007: 0001 | E7007: สำนักงานใหญ่ | F7007: HEAD OFFICE | G7007: =CONCATENATE(D7007," ",E7007," ",F7007) -> 0001 สำนักงานใหญ่ HEAD OFFICE | H7007: 25590208
A7008: 313 | B7008: =_xlfn.XLOOKUP(A:A,[1]FI_NAME!$A:$A,[1]FI_NAME!$B:$B) -> บริษัท โดเมสติค แคปปิตอล 2015 จำกัด | C7008: =_xlfn.XLOOKUP(B:B,'Swift Code&Bank Name'!B:B,'Swift Code&Bank Name'!C:C) -> #N/A | D7008: 0001 | E7008: สำนักงานใหญ่ | G7008: =CONCATENATE(D7008," ",E7008," ",F7008) -> 0001 สำนักงานใหญ่ | H7008: 25590104
A7009: 314 | B7009: =_xlfn.XLOOKUP(A:A,[1]FI_NAME!$A:$A,[1]FI_NAME!$B:$B) -> บริษัท ไอทีทีพี จำกัด | C7009: =_xlfn.XLOOKUP(B:B,'Swift Code&Bank Name'!B:B,'Swift Code&Bank Name'!C:C) -> #N/A | D7009: 0001 | E7009: สำนักงานใหญ่ | F7009: HEAD OFFICE | G7009: =CONCATENATE(D7009," ",E7009," ",F7009) -> 0001 สำนักงานใหญ่ HEAD OFFICE | H7009: 25590104
A7010: 315 | B7010: =_xlfn.XLOOKUP(A:A,[1]FI_NAME!$A:$A,[1]FI_NAME!$B:$B) -> บริษัท ทีเค เงินทันใจ จำกัด | C7010: =_xlfn.XLOOKUP(B:B,'Swift Code&Bank Name'!B:B,'Swift Code&Bank Name'!C:C) -> #N/A | D7010: 0001 | E7010: สำนักงานใหญ่ | F7010: HEAD OFFICE | G7010: =CONCATENATE(D7010," ",E7010," ",F7010) -> 0001 สำนักงานใหญ่ HEAD OFFICE | H7010: 25590128
A7011: 315 | B7011: =_xlfn.XLOOKUP(A:A,[1]FI_NAME!$A:$A,[1]FI_NAME!$B:$B) -> บริษัท ทีเค เงินทันใจ จำกัด | C7011: =_xlfn.XLOOKUP(B:B,'Swift Code&Bank Name'!B:B,'Swift Code&Bank Name'!C:C) -> #N/A | D7011: 0002 | E7011: สาขากาญจนบุรี | F7011: KANCHANABURI BRANCH | G7011: =CONCATENATE(D7011," ",E7011," ",F7011) -> 0002 สาขากาญจนบุรี KANCHANABURI BRANCH | H7011: 25590128
A7012: 315 | B7012: =_xlfn.XLOOKUP(A:A,[1]FI_NAME!$A:$A,[1]FI_NAME!$B:$B) -> บริษัท ทีเค เงินทันใจ จำกัด | C7012: =_xlfn.XLOOKUP(B:B,'Swift Code&Bank Name'!B:B,'Swift Code&Bank Name'!C:C) -> #N/A | D7012: 0003 | E7012: สาขาสมุทรสงคราม | F7012: SAMUTSONGKHRAM BRANCH | G7012: =CONCATENATE(D7012," ",E7012," ",F7012) -> 0003 สาขาสมุทรสงคราม SAMUTSONGKHRAM BRANCH | H7012: 25590128
A7013: 315 | B7013: =_xlfn.XLOOKUP(A:A,[1]FI_NAME!$A:$A,[1]FI_NAME!$B:$B) -> บริษัท ทีเค เงินทันใจ จำกัด | C7013: =_xlfn.XLOOKUP(B:B,'Swift Code&Bank Name'!B:B,'Swift Code&Bank Name'!C:C) -> #N/A | D7013: 0004 | E7013: สาขาลพบุรี | F7013: LOPBURI BRANCH | G7013: =CONCATENATE(D7013," ",E7013," ",F7013) -> 0004 สาขาลพบุรี LOPBURI BRANCH | H7013: 25590128
A7014: 315 | B7014: =_xlfn.XLOOKUP(A:A,[1]FI_NAME!$A:$A,[1]FI_NAME!$B:$B) -> บริษัท ทีเค เงินทันใจ จำกัด | C7014: =_xlfn.XLOOKUP(B:B,'Swift Code&Bank Name'!B:B,'Swift Code&Bank Name'!C:C) -> #N/A | D7014: 0005 | E7014: สาขาลำปาง | F7014: LAMPANG BRANCH | G7014: =CONCATENATE(D7014," ",E7014," ",F7014) -> 0005 สาขาลำปาง LAMPANG BRANCH | H7014: 25590128
A7015: 315 | B7015: =_xlfn.XLOOKUP(A:A,[1]FI_NAME!$A:$A,[1]FI_NAME!$B:$B) -> บริษัท ทีเค เงินทันใจ จำกัด | C7015: =_xlfn.XLOOKUP(B:B,'Swift Code&Bank Name'!B:B,'Swift Code&Bank Name'!C:C) -> #N/A | D7015: 0006 | E7015: สาขาสุโขทัย | F7015: SUKHOTHAI BRANCH | G7015: =CONCATENATE(D7015," ",E7015," ",F7015) -> 0006 สาขาสุโขทัย SUKHOTHAI BRANCH | H7015: 25590128
A7016: 315 | B7016: =_xlfn.XLOOKUP(A:A,[1]FI_NAME!$A:$A,[1]FI_NAME!$B:$B) -> บริษัท ทีเค เงินทันใจ จำกัด | C7016: =_xlfn.XLOOKUP(B:B,'Swift Code&Bank Name'!B:B,'Swift Code&Bank Name'!C:C) -> #N/A | D7016: 0007 | E7016: สาขาบุรีรัมย์ | F7016: BUREERAM BRANCH | G7016: =CONCATENATE(D7016," ",E7016," ",F7016) -> 0007 สาขาบุรีรัมย์ BUREERAM BRANCH | H7016: 25590128
A7017: 315 | B7017: =_xlfn.XLOOKUP(A:A,[1]FI_NAME!$A:$A,[1]FI_NAME!$B:$B) -> บริษัท ทีเค เงินทันใจ จำกัด | C7017: =_xlfn.XLOOKUP(B:B,'Swift Code&Bank Name'!B:B,'Swift Code&Bank Name'!C:C) -> #N/A | D7017: 0008 | E7017: สาขากบินทร์บุรี | F7017: KABINBURI BRANCH | G7017: =CONCATENATE(D7017," ",E7017," ",F7017) -> 0008 สาขากบินทร์บุรี KABINBURI BRANCH | H7017: 25590128
A7018: 315 | B7018: =_xlfn.XLOOKUP(A:A,[1]FI_NAME!$A:$A,[1]FI_NAME!$B:$B) -> บริษัท ทีเค เงินทันใจ จำกัด | C7018: =_xlfn.XLOOKUP(B:B,'Swift Code&Bank Name'!B:B,'Swift Code&Bank Name'!C:C) -> #N/A | D7018: 0009 | E7018: สาขาสระแก้ว | F7018: SAKAEW BRANCH | G7018: =CONCATENATE(D7018," ",E7018," ",F7018) -> 0009 สาขาสระแก้ว SAKAEW BRANCH | H7018: 25590128
A7019: 315 | B7019: =_xlfn.XLOOKUP(A:A,[1]FI_NAME!$A:$A,[1]FI_NAME!$B:$B) -> บริษัท ทีเค เงินทันใจ จำกัด | C7019: =_xlfn.XLOOKUP(B:B,'Swift Code&Bank Name'!B:B,'Swift Code&Bank Name'!C:C) -> #N/A | D7019: 0010 | E7019: สาขาหัวหิน | F7019: HUAHIN BRANCH | G7019: =CONCATENATE(D7019," ",E7019," ",F7019) -> 0010 สาขาหัวหิน HUAHIN BRANCH | H7019: 25590128
A7020: 315 | B7020: =_xlfn.XLOOKUP(A:A,[1]FI_NAME!$A:$A,[1]FI_NAME!$B:$B) -> บริษัท ทีเค เงินทันใจ จำกัด | C7020: =_xlfn.XLOOKUP(B:B,'Swift Code&Bank Name'!B:B,'Swift Code&Bank Name'!C:C) -> #N/A | D7020: 0011 | E7020: สาขาระนอง | F7020: RANONG BRANCH | G7020: =CONCATENATE(D7020," ",E7020," ",F7020) -> 0011 สาขาระนอง RANONG BRANCH | H7020: 25590128
A7021: 316 | B7021: =_xlfn.XLOOKUP(A:A,[1]FI_NAME!$A:$A,[1]FI_NAME!$B:$B) -> บริษัท เคบี เจ แคปปิตอล จำกัด | C7021: =_xlfn.XLOOKUP(B:B,'Swift Code&Bank Name'!B:B,'Swift Code&Bank Name'!C:C) -> #N/A | D7021: 0001 | E7021: สำนักงานใหญ่ | G7021: =CONCATENATE(D7021," ",E7021," ",F7021) -> 0001 สำนักงานใหญ่ | H7021: 25580815
A7022: 317 | B7022: =_xlfn.XLOOKUP(A:A,[1]FI_NAME!$A:$A,[1]FI_NAME!$B:$B) -> บ. ดิจิตอลเทค แพลนเน็ต จำกัด (มหาชน) | C7022: =_xlfn.XLOOKUP(B:B,'Swift Code&Bank Name'!B:B,'Swift Code&Bank Name'!C:C) -> #N/A | D7022: 0001 | E7022: สำนักงานใหญ่ | F7022: HEAD OFFICE | G7022: =CONCATENATE(D7022," ",E7022," ",F7022) -> 0001 สำนักงานใหญ่ HEAD OFFICE | H7022: 25581223
A7023: 318 | B7023: =_xlfn.XLOOKUP(A:A,[1]FI_NAME!$A:$A,[1]FI_NAME!$B:$B) -> บริษัท โอมิเซะ จำกัด | C7023: =_xlfn.XLOOKUP(B:B,'Swift Code&Bank Name'!B:B,'Swift Code&Bank Name'!C:C) -> #N/A | D7023: 0001 | E7023: สำนักงานใหญ่ | F7023: HEAD OFFICE | G7023: =CONCATENATE(D7023," ",E7023," ",F7023) -> 0001 สำนักงานใหญ่ HEAD OFFICE | H7023: 25580915
A7024: 320 | B7024: =_xlfn.XLOOKUP(A:A,[1]FI_NAME!$A:$A,[1]FI_NAME!$B:$B) -> บริษัท เซ็นดิท เทค จำกัด | C7024: =_xlfn.XLOOKUP(B:B,'Swift Code&Bank Name'!B:B,'Swift Code&Bank Name'!C:C) -> #N/A | D7024: 0001 | E7024: สำนักงานใหญ่ | F7024: HEAD OFFICE | G7024: =CONCATENATE(D7024," ",E7024," ",F7024) -> 0001 สำนักงานใหญ่ HEAD OFFICE | H7024: 25600122
A7025: 321 | B7025: =_xlfn.XLOOKUP(A:A,[1]FI_NAME!$A:$A,[1]FI_NAME!$B:$B) -> บริษัท เอเชียเจมส์ฟอร์ยู จำกัด | C7025: =_xlfn.XLOOKUP(B:B,'Swift Code&Bank Name'!B:B,'Swift Code&Bank Name'!C:C) -> #N/A | D7025: 0001 | E7025: สำนักงานใหญ่ | F7025: HEAD OFFICE | G7025: =CONCATENATE(D7025," ",E7025," ",F7025) -> 0001 สำนักงานใหญ่ HEAD OFFICE | H7025: 25590609
A7026: 322 | B7026: =_xlfn.XLOOKUP(A:A,[1]FI_NAME!$A:$A,[1]FI_NAME!$B:$B) -> บริษัท จี แคปปิตอล จำกัด (มหาชน) | C7026: =_xlfn.XLOOKUP(B:B,'Swift Code&Bank Name'!B:B,'Swift Code&Bank Name'!C:C) -> #N/A | D7026: 0001 | E7026: สำนักงานใหญ่ | F7026: HEAD OFFICE | G7026: =CONCATENATE(D7026," ",E7026," ",F7026) -> 0001 สำนักงานใหญ่ HEAD OFFICE | H7026: 25581201
A7027: 323 | B7027: =_xlfn.XLOOKUP(A:A,[1]FI_NAME!$A:$A,[1]FI_NAME!$B:$B) -> บริษัท เฮลโลเพย์ จำกัด | C7027: =_xlfn.XLOOKUP(B:B,'Swift Code&Bank Name'!B:B,'Swift Code&Bank Name'!C:C) -> #N/A | D7027: 0001 | E7027: สำนักงานใหญ่ | F7027: HEAD OFFICE | G7027: =CONCATENATE(D7027," ",E7027," ",F7027) -> 0001 สำนักงานใหญ่ HEAD OFFICE | H7027: 25590425
A7028: 324 | B7028: =_xlfn.XLOOKUP(A:A,[1]FI_NAME!$A:$A,[1]FI_NAME!$B:$B) -> #N/A | C7028: =_xlfn.XLOOKUP(B:B,'Swift Code&Bank Name'!B:B,'Swift Code&Bank Name'!C:C) -> #N/A | D7028: 0001 | E7028: บ. ธนทัต โซลูชั่น จำกัด | G7028: =CONCATENATE(D7028," ",E7028," ",F7028) -> 0001 บ. ธนทัต โซลูชั่น จำกัด | H7028: 25590930
A7029: 325 | B7029: =_xlfn.XLOOKUP(A:A,[1]FI_NAME!$A:$A,[1]FI_NAME!$B:$B) -> บริษัท เงินต่อยอด จำกัด | C7029: =_xlfn.XLOOKUP(B:B,'Swift Code&Bank Name'!B:B,'Swift Code&Bank Name'!C:C) -> #N/A | D7029: 0001 | E7029: บริษัท เงินต่อยอด จำกัด | G7029: =CONCATENATE(D7029," ",E7029," ",F7029) -> 0001 บริษัท เงินต่อยอด จำกัด | H7029: 25590920
A7030: 325 | B7030: =_xlfn.XLOOKUP(A:A,[1]FI_NAME!$A:$A,[1]FI_NAME!$B:$B) -> บริษัท เงินต่อยอด จำกัด | C7030: =_xlfn.XLOOKUP(B:B,'Swift Code&Bank Name'!B:B,'Swift Code&Bank Name'!C:C) -> #N/A | D7030: 0002 | E7030: สาขาปราสาท | F7030: PRASAT BRANCH | G7030: =CONCATENATE(D7030," ",E7030," ",F7030) -> 0002 สาขาปราสาท PRASAT BRANCH | H7030: 25590920
A7031: 325 | B7031: =_xlfn.XLOOKUP(A:A,[1]FI_NAME!$A:$A,[1]FI_NAME!$B:$B) -> บริษัท เงินต่อยอด จำกัด | C7031: =_xlfn.XLOOKUP(B:B,'Swift Code&Bank Name'!B:B,'Swift Code&Bank Name'!C:C) -> #N/A | D7031: 0003 | E7031: สาขาชุมพวง | F7031: CHUMPHUANG BRANCH | G7031: =CONCATENATE(D7031," ",E7031," ",F7031) -> 0003 สาขาชุมพวง CHUMPHUANG BRANCH | H7031: 25590920
A7032: 325 | B7032: =_xlfn.XLOOKUP(A:A,[1]FI_NAME!$A:$A,[1]FI_NAME!$B:$B) -> บริษัท เงินต่อยอด จำกัด | C7032: =_xlfn.XLOOKUP(B:B,'Swift Code&Bank Name'!B:B,'Swift Code&Bank Name'!C:C) -> #N/A | D7032: 0004 | E7032: สาขาจอมพระ | F7032: JOMPRA BRANCH | G7032: =CONCATENATE(D7032," ",E7032," ",F7032) -> 0004 สาขาจอมพระ JOMPRA BRANCH | H7032: 25591205
A7033: 325 | B7033: =_xlfn.XLOOKUP(A:A,[1]FI_NAME!$A:$A,[1]FI_NAME!$B:$B) -> บริษัท เงินต่อยอด จำกัด | C7033: =_xlfn.XLOOKUP(B:B,'Swift Code&Bank Name'!B:B,'Swift Code&Bank Name'!C:C) -> #N/A | D7033: 0005 | E7033: สาขาประทาย | F7033: PRATAI BRANCH | G7033: =CONCATENATE(D7033," ",E7033," ",F7033) -> 0005 สาขาประทาย PRATAI BRANCH | H7033: 25600222
A7034: 325 | B7034: =_xlfn.XLOOKUP(A:A,[1]FI_NAME!$A:$A,[1]FI_NAME!$B:$B) -> บริษัท เงินต่อยอด จำกัด | C7034: =_xlfn.XLOOKUP(B:B,'Swift Code&Bank Name'!B:B,'Swift Code&Bank Name'!C:C) -> #N/A | D7034: 0006 | E7034: สาขาท่าตูม | F7034: THATUM BRANCH | G7034: =CONCATENATE(D7034," ",E7034," ",F7034) -> 0006 สาขาท่าตูม THATUM BRANCH | H7034: 25600801
A7035: 325 | B7035: =_xlfn.XLOOKUP(A:A,[1]FI_NAME!$A:$A,[1]FI_NAME!$B:$B) -> บริษัท เงินต่อยอด จำกัด | C7035: =_xlfn.XLOOKUP(B:B,'Swift Code&Bank Name'!B:B,'Swift Code&Bank Name'!C:C) -> #N/A | D7035: 0007 | E7035: สาขาสตึก | F7035: SATUEK BRANCH | G7035: =CONCATENATE(D7035," ",E7035," ",F7035) -> 0007 สาขาสตึก SATUEK BRANCH | H7035: 25610827
A7036: 325 | B7036: =_xlfn.XLOOKUP(A:A,[1]FI_NAME!$A:$A,[1]FI_NAME!$B:$B) -> บริษัท เงินต่อยอด จำกัด | C7036: =_xlfn.XLOOKUP(B:B,'Swift Code&Bank Name'!B:B,'Swift Code&Bank Name'!C:C) -> #N/A | D7036: 0008 | E7036: สาขาเมืองยาง | F7036: MUANGYANG BRANCH | G7036: =CONCATENATE(D7036," ",E7036," ",F7036) -> 0008 สาขาเมืองยาง MUANGYANG BRANCH | H7036: 25610827
A7037: 325 | B7037: =_xlfn.XLOOKUP(A:A,[1]FI_NAME!$A:$A,[1]FI_NAME!$B:$B) -> บริษัท เงินต่อยอด จำกัด | C7037: =_xlfn.XLOOKUP(B:B,'Swift Code&Bank Name'!B:B,'Swift Code&Bank Name'!C:C) -> #N/A | D7037: 0009 | E7037: สาขาเมืองสุรินทร์ | F7037: MUANGSURIN BRANCH | G7037: =CONCATENATE(D7037," ",E7037," ",F7037) -> 0009 สาขาเมืองสุรินทร์ MUANGSURIN BRANCH | H7037: 25620612
...
